 Dungeon Crawl Stone Soup version 0.28-a0-948-gee6e0bcda6 (webtiles) character file.

Game seed: 5187307254124175728

572 HessuHobo the Cudgeller (level 7, -2/68 HPs)
             Began as a Troll Fighter on Nov 30, 2021.
             Was an Initiate of Okawaru.
             Slain by a water moccasin (4 damage)
             ... on level 4 of the Dungeon.
             The game lasted 00:05:53 (3424 turns).

HessuHobo the Cudgeller (Troll Fighter)             Turns: 3424, Time: 00:05:54

Health: -2/68      AC:  4    Str: 27    XL:     7   Next: 12%
Magic:  6/6        EV: 10    Int:  4    God:    Okawaru [......]
Gold:   107        SH:  0    Dex:  9    Spells: 6/6 levels left

rFire   . . .      SeeInvis .   q - +0 giant spiked club
rCold   . . .      Faith    .   (shield currently unavailable)
rNeg    . . .      Spirit   .   b - +0 robe
rPois   .          Reflect  .   (helmet restricted)
rElec   .          Harm     .   (no cloak)
rCorr   .          Rampage  .   (gloves unavailable)
Will    .....                   (boots unavailable)
Stlth   +.........              (no amulet)
HPRegen 1.01/turn               (no ring)
MPRegen 0.10/turn               (no ring)

@: lethally poisoned (-2 -> -3)
A: large, unfitting armour, claws 3, regeneration 1, shaggy fur 1, tough skin 1
a: Renounce Religion


You were on level 4 of the Dungeon.
You worshipped Okawaru.
Okawaru was noncommittal.
You visited 2 branches of the dungeon, and saw 6 of its levels.

You collected 107 gold pieces.

Inventory:

Hand Weapons
 a - a +0 flail
 o - a +1 war axe of flaming
 q - a +0 giant spiked club (weapon)
Armour
 b - a +0 robe (worn)
 c - a +0 kite shield
Scrolls
 e - a scroll of enchant weapon
 g - 2 scrolls of immolation {unknown}
 k - a scroll of blinking {unknown}
 l - 2 scrolls of amnesia
 n - a scroll of brand weapon {unknown}
 p - a scroll of vulnerability {unknown}
 r - a scroll of identify
Potions
 d - a potion of curing
 f - a potion of cancellation {unknown}
 h - a potion of berserk rage {unknown}
 j - a potion of haste {unknown}
 m - a potion of flight {unknown}


   Skills:
 + Level 3.9 Fighting
 + Level 5.1 Maces & Flails
 + Level 4.1 Dodging
 - Level 2.4 Shields


You had 6 spell levels left.
You didn't know any spells.
Your spell library contained the following spells:

 Spells                   Type           Power      Damage    Failure   Level
 Gell's Gravitas          Tloc           0%         N/A       86%         3
 Teleport Other           Tloc           0%         N/A       86%         3
 Dispersal                Tloc           0%         N/A       100%        6


Dungeon Overview and Level Annotations

Branches:
Dungeon (5/15)             Temple (1/1) D:4

Altars:
Ashenzari
Cheibriados
Dithmenos
Elyvilon
Fedhas
Gozag
Hepliaklqana
Kikubaaqudgha
Makhleb
Okawaru
Qazlal
Ru
Sif Muna
Trog
Uskayaw
Vehumet
Wu Jian
Xom
Yredelemnul
Zin
The Shining One

Annotations:
D:3 1 transporter, bgiannan's ghost, weakling PaFi
D:4 2 transporters


Innate Abilities, Weirdness & Mutations

You are too large for most types of armour.
You have claws for hands.
Your natural rate of healing is unusually fast.
You are covered in fur. (AC +1)
You have tough skin. (AC +1)


Message History

The water moccasin bites you.
* * * LOW HITPOINT WARNING * * *
You miss the water moccasin. The water moccasin bites you.
* * * LOW HITPOINT WARNING * * *
The water moccasin barely misses you.
You closely miss the water moccasin. The water moccasin closely misses you.
The water moccasin barely misses you.
You miss the water moccasin.
The water moccasin barely misses you. x2
You miss the water moccasin.
The water moccasin bites you but does no damage.
The water moccasin barely misses you.
You barely miss the water moccasin. The water moccasin bites you.
* * * LOW HITPOINT WARNING * * *
The water moccasin bites you.
* * * LOW HITPOINT WARNING * * *
You are poisoned.
The water moccasin poisons you!
The water moccasin bites you but does no damage.
You barely miss the water moccasin.
* * * LOW HITPOINT WARNING * * *
You feel very sick.
The water moccasin bites you but does no damage. x2
You miss the water moccasin.
* * * LOW HITPOINT WARNING * * *
You feel very sick. The water moccasin barely misses you.
The water moccasin bites you but does no damage.
You closely miss the water moccasin.
* * * LOW HITPOINT WARNING * * *
You feel very sick. The water moccasin barely misses you.
The water moccasin closely misses you.
You barely miss the water moccasin.
* * * LOW HITPOINT WARNING * * *
You feel very sick. The water moccasin closely misses you.
The water moccasin bites you but does no damage. x2
You impale the water moccasin!!
The water moccasin is severely wounded.
You feel sick. The water moccasin bites you.
You die...

......#### #.# #.........##..# ##
#.###.>..# #.###.######.###..# #.
#........# #.....# #......# #^
#####....# ##...## #####'.###. #
#.#.## #.....### ##...⌠...##.
#####.#.####.......# #........##.
...........#.).....# #..⌠.>.⌠..#.
##...##.##.##......###..........#
..<.........)...@S....+...⌠......
##...##.##.###.#...####..........
##.....##.##.###..# ##.......#.
##.#####.###.#.### ##.....##. #
#.......# ##.## ##...###. #
#.####### #.# ##+## #. # #.# #.#
#.# #. # #.# #.# ##### #<# #. #
#.# #.# #...#####.#####


You could see a water moccasin.

Vanquished Creatures
  Eustachio (D:4)
  2 ogres (D:4)
  A scorpion (D:4)
  A jelly (D:4)
  Natasha (twice) (D:3)
  A howler monkey skeleton (D:4)
  3 adders
  4 dart slugs
  9 orcs (D:4)
  3 bats
  5 endoplasms
  4 giant cockroaches
  7 goblins
  7 hobgoblins
  3 jackals (D:1)
  4 kobolds
  3 quokkas
  4 ball pythons
  11 frilled lizards
  6 rats
81 creatures vanquished.

Notes
Turn   | Place    | Note
-------+----------+-------------------------------------------
     0 | D:1      | HessuHobo the Troll Fighter began the quest for the Orb.
     0 | D:1      | Reached XP level 1. HP: 22/22 MP: 0/0
   191 | D:1      | Reached XP level 2. HP: 29/29 MP: 1/1
   199 | D:1      | Reached skill level 2 in Maces & Flails
   490 | D:1      | Reached XP level 3. HP: 34/36 MP: 2/2
  1145 | D:2      | You fall into a shaft and drop 2 floors!
  1145 | D:4      | Noticed a centaur
  1146 | D:4      | Noticed Eustachio
  1153 | D:4      | Noticed a necrophage
  1155 | D:4      | Killed Eustachio
  1156 | D:4      | Reached skill level 3 in Maces & Flails
  1156 | D:4      | Reached XP level 4. HP: 35/45 MP: 3/3
  1156 | D:4      | Reached XP level 5. HP: 42/53 MP: 4/4
  1216 | D:4      | Found a hide-covered altar of Uskayaw.
  1216 | D:4      | Found a hazy altar of Hepliaklqana.
  1216 | D:4      | Found a shimmering blue altar of Sif Muna.
  1221 | D:4      | Found a transporter.
  1228 | D:4      | Found a transporter.
  1328 | D:4      | Reached skill level 4 in Maces & Flails
  1328 | D:4      | Reached XP level 6. HP: 42/61 MP: 5/5
  1756 | D:3      | Noticed Natasha
  1762 | D:3      | Killed Natasha
  1949 | D:3      | Noticed bgiannan's ghost (weakling PaFi)
  1950 | D:3      | Found a transporter.
  1952 | D:3      | Identified the +5 dire flail of Severance {antimagic,
                  | rPois}
  2116 | D:3      | Noticed Natasha
  2124 | D:3      | Killed Natasha
  2184 | D:3      | Found a faded altar of an unknown god.
  2582 | D:4      | Found a staircase to the Ecumenical Temple.
  2587 | D:4      | HP: 1/62 [ogre (16)]
  2679 | Temple   | Entered the Ecumenical Temple
  2807 | Temple   | Became a worshipper of Warmaster Okawaru
  3315 | D:5      | Entered Level 5 of the Dungeon
  3336 | D:5      | Noticed a water moccasin
  3382 | D:4      | Reached skill level 5 in Maces & Flails
  3382 | D:4      | Reached XP level 7. HP: 13/68 MP: 6/6
  3422 | D:4      | HP: 2/68 [poisoned by a water moccasin]
  3424 | D:4      | Slain by a water moccasin

Illustrated notes

Levels and vault maps discovered:
D:1:      elethiomel_arrival_maze, layout_basic, minmay_lizard_pond
D:2:      layout_basic, uniq_crazy_yiuf_cottage
D:3:      layout_loops_ring, gammafunk_ghost_smash,
          hellmonk_ecumenical_altar_prayer_group, uniq_natasha
D:4:      layout_loops_corners, gammafunk_temple_overflow_arena,
          temple_fountains, minmay_misc_feat_iff, uniq_eustachio
D:5:      layout_cave_pools
Temple:   mainiacjoe_temple_coin_purse

Skill      XL: |  1  2  3  4  5  6 |
---------------+-------------------+-----
Maces & Flails | 2 3 4 5 |  5.1
Dodging        | 3 4 |  4.1
Fighting       | 3 |  3.9
Shields        | |  2.4

Action                   |  1- 3 |  4- 6 |  7- 9 || total
-------------------------+-------+-------+-------++-------
Melee: Flail             |   182 |   120 |       ||   302
       Giant spiked club |       |    34 |    10 ||    44
       War axe           |       |     6 |       ||     6
  Use: Scroll            |     3 |     1 |       ||     4
       Potion            |     1 |     3 |     1 ||     5
Armor: Robe              |    87 |    36 |     7 ||   130
Dodge: Dodged            |    87 |    77 |    20 ||   184
Block: Kite shield       |    89 |    35 |       ||   124

Table legend: (Time is in decaauts)
 A = Elapsed time spent in this place.
 B = Non-inter-level travel time spent in this place.
 C = Inter-level travel time spent in this place.
 D = Time resting spent in this place.
 E = Time spent auto-exploring this place.
 F = Levels seen in this place.
 G = Mean time per level.
                   A        B        C        D        E       F      G
               +--------+--------+--------+--------+--------+-----+--------+
         Total |   3592 |   3567 |     25 |    565 |   1982 |   6 |  598.7 |
       Dungeon |   3451 |   3426 |     25 |    565 |   1896 |   5 |  690.2 |
        Temple |    140 |    140 |      0 |      0 |     86 |   1 |  140.0 |
               +--------+--------+--------+--------+--------+-----+--------+

Top non-repeatable levels by time:
     D:4: 1304 daAuts
     D:3: 881 daAuts
     D:1: 847 daAuts
     D:2: 387 daAuts
  Temple: 140 daAuts
     D:5: 30 daAuts
